 Dungeon Crawl Stone Soup version 0.28.0-62-gf88900778d (webtiles) character file.

Game seed: 4951768456315130002

16 cbfl8 the Chopper (level 2, 0/27 HPs)
             Began as a Minotaur Berserker on June 27, 2023.
             Was a Follower of Trog.
             Slain by a hobgoblin (4 damage)
             ... on level 1 of the Dungeon.
             The game lasted 00:00:26 (794 turns).

cbfl8 the Chopper (Minotaur Berserker)               Turns: 794, Time: 00:00:27

Health: 0/27       AC:  2    Str: 21    XL:     2   Next: 41%
Magic:  1/1        EV: 12    Int:  4    God:    Trog [*.....]
Gold:   37         SH:  0    Dex:  9    Spells: 1/1 levels left

rFire   . . .      SeeInvis .   a - +0 hand axe
rCold   . . .      Faith    .   (no shield)
rNeg    . . .      Spirit   .   b - +0 animal skin
rPois   .          Reflect  .   (helmet restricted)
rElec   .          Harm     .   (no cloak)
rCorr   .          Rampage  .   (no gloves)
Will    .....                   (no boots)
Stlth   +.........              (no amulet)
HPRegen 0.09/turn               (no ring)
MPRegen 0.07/turn               (no ring)

@: no status effects
A: horns 2, retaliatory headbutt
a: Renounce Religion, Berserk


You were on level 1 of the Dungeon.
You worshipped Trog.
Trog was aware of your devotion.
You visited 1 branch of the dungeon, and saw 1 of its levels.

You collected 37 gold pieces.

Inventory:

Hand Weapons
 a - a +0 hand axe (weapon)
Armour
 b - a +0 animal skin (worn)
Scrolls
 d - a scroll of blinking {unknown}
 e - a scroll of vulnerability {unknown}
 f - a scroll of summoning {unknown}
Potions
 c - a potion of resistance {unknown}


   Skills:
 + Level 3.8 Fighting
 + Level 4.0 Axes
 + Level 2.5 Armour
 + Level 2.4 Dodging
 * Level 0.5 Evocations


You had one spell level left.
You didn't know any spells.
Your spell library was empty.

Dungeon Overview and Level Annotations

Branches:
Dungeon (1/15)

Altars:

Shops:
D:1 :=


Innate Abilities, Weirdness & Mutations

You have a pair of horns on your head.
You reflexively headbutt those who attack you in melee.


Message History

The ball python bites you. The ball python misses you.
There are monsters nearby!
You hit the hobgoblin.
The hobgoblin is heavily wounded.
You closely miss the ball python. The ball python closely misses you.
The ball python grabs you. The ball python constricts you.
The hobgoblin hits you.
There are monsters nearby!
You barely miss the ball python. You closely miss the hobgoblin.
The ball python barely misses you. The ball python constricts you.
The hobgoblin hits you.
The ball python bites you but does no damage.
The ball python constricts you.
There are monsters nearby!
You closely miss the ball python. Your headbutt misses the ball python.
You hit the hobgoblin. The hobgoblin hits you. The ball python bites you.
The ball python constricts you.
There are monsters nearby!
You are too injured to fight recklessly!
You are too injured to fight recklessly!
You are too injured to fight recklessly!
You closely miss the hobgoblin.
The hobgoblin is severely wounded.
You closely miss the ball python. The hobgoblin closely misses you.
The ball python bites you but does no damage.
The ball python constricts you.
You closely miss the hobgoblin.
The hobgoblin is severely wounded.
You hit the ball python. The ball python bites you.
The ball python constricts you. The hobgoblin hits you.
The ball python closely misses you. The ball python constricts you.
The hobgoblin hits you.
* * * LOW HITPOINT WARNING * * *
You hit the hobgoblin.
The hobgoblin is almost dead.
You hit the ball python.
You kill the ball python!
Trog accepts your kill. The hobgoblin hits you.
You die...

######.# #.# #######
.....#.## #.# #......#
####.#..# #.# #......#
#.##.###### ..(....#
#.∩...##...#.......#
#.....#.....#....?.#
#.....#..∩..#......#
##....#.....#g.....#
#....##...#.@.....#
####..####..##....#
##.##.##.....###
#.##...#########
#.##.#.........#
#.)#.#.>....##.#
##.#........##†#
#.#)#......##.#########
#.#.#......##.......#≈#


You could see a hobgoblin.

Vanquished Creatures
  A dart slug (D:1)
  A bat (D:1)
  An endoplasm (D:1)
  A goblin (D:1)
  A quokka (D:1)
  7 ball pythons (D:1)
  3 frilled lizards (D:1)
  A rat (D:1)
16 creatures vanquished.

Notes
Turn   | Place    | Note
-------+----------+-------------------------------------------
     0 | D:1      | cbfl8 the Minotaur Berserker began the quest for the Orb.
     0 | D:1      | Reached XP level 1. HP: 19/19 MP: 0/0
   192 | D:1      | Found Qaezih's Book Boutique.
   320 | D:1      | Reached XP level 2. HP: 25/27 MP: 1/1
   348 | D:1      | Reached skill level 4 in Axes
   782 | D:1      | Found Aduel's One-of-a-Kind Rings.
   794 | D:1      | Slain by a hobgoblin

Illustrated notes

Levels and vault maps discovered:
D:1:      minmay_arrival_stone_box, layout_basic, serial_shops, shop,
          serial_rivers, chequers_serial_rivers_small_3,
          chequers_serial_rivers_micro_b, chequers_serial_rivers_large_b,
          chequers_serial_rivers_marsh, chequers_serial_rivers_small_b,
          chequers_serial_rivers_micro_d, nicolae_shop_unique_rings

Skill      XL: |  1  2 |
---------------+-------+-----
Axes           | 4 |  4.0
Fighting       | |  3.8
Armour         | |  2.5
Dodging        | |  2.4
Evocations     | |  0.5

Action                   || total
-------------------------++-------
Melee: Hand axe          ||    35
       Headbutt          ||     4
 Stab: Sleeping          ||     1
Armor: Animal skin       ||     6
Dodge: Dodged            ||    30
